cohdb
Replays
Latest Replays
All Replays
Popular Replays
Top Player Replays
Match Explorer
How It Works
Community
CoH3 Stats
Reddit
Sign in to upload your games and track your stats! →
Sign in with Steam
Match 42290738
Unlisted
Match 42290738
Overview
Messages
Build Orders
End
Kettenkrad Recon Vehicle
Construct Infanterie Kompanie
MG 42 Machine Gun Team
Grenadier Squad
GrW 34 Mortar Team
Construct Panzergrenadier Kompanie
Panzergrenadier Squad
Medical Station
Pak 40 Anti-tank Gun Team
Panzergrenadier Squad
Support Elements
StuG III G Assault Gun
Panzergrenadier Officer Quarters
Panzergrenadier Squad
Kettenkrad Recon Vehicle
Panzergrenadier Squad
Selects Breakthrough Battlegroup
Selects Rapid Production
Selects Blitzkrieg
StuG III G Assault Gun
StuG III G Assault Gun
PeterZ
Suzyy
NewDe
Etgo
Hk
Jarkke
0
0
Comments
sign in to comment!
No comments posted yet!